 Dungeon Crawl Stone Soup version 0.27-a0-1591-gc56fcc985a (webtiles) character file.

Game seed: 15901829887050818945

4178 Spaninq the Basher (level 10, -8/102 HPs)
             Began as a Troll Berserker on July 18, 2021.
             Was an Elder of Trog.
             Mangled by a two-headed ogre (24 damage)
             ... on level 9 of the Dungeon on July 19, 2021.
             The game lasted 00:15:44 (6794 turns).

Spaninq the Basher (Troll Berserker)                Turns: 6794, Time: 00:15:44

Health: -8/102     AC:  9    Str: 28    XL:     10   Next: 8%
Magic:  9/9        EV: 10    Int:  6    God:    Trog [****..]
Gold:   555        SH:  0    Dex: 10    Spells: 9/9 levels left

rFire    . . .     SeeInvis .   j - +6 mace of Yjealoto {freeze, rN+ Int+2}
rCold    . . .     Faith    .   (no shield)
rNeg     + . .     Spirit   .   u - +1 robe {Will+}
rPois    .         Reflect  .   c - +2 hat {Stlth+}
rElec    .         Harm     .   a - +1 cloak
rCorr    .         Rampage  .   (gloves unavailable)
Will     +....                  (boots unavailable)
Stlth    ++........             (no amulet)
HPRegen  1.27/turn              (no ring)
MPRegen  0.11/turn              (no ring)

@: no status effects
A: large, unfitting armour, claws 3, regeneration 1, shaggy fur 1, tough skin 1
a: Renounce Religion, Berserk, Trog's Hand, Brothers in Arms


You were on level 9 of the Dungeon.
You worshipped Trog.
Trog was greatly pleased with you.
You visited 2 branches of the dungeon, and saw 10 of its levels.

You collected 619 gold pieces.
You spent 64 gold pieces at shops.

Inventory:

Hand Weapons
 j - the +6 mace of Yjealoto (weapon) {freeze, rN+ Int+2}
   (You found it on level 4 of the Dungeon)

   It freezes those it strikes, dealing additional cold damage.
   It can also slow down cold-blooded creatures.
   Int:       It affects your intelligence (+2).
   rN:        It protects you from negative energy.
Missiles
 o - 7 large rocks (quivered)
 t - 3 boomerangs of dispersal
Armour
 a - a +1 cloak (worn)
 c - a +2 hat of stealth (worn)
 u - a +1 robe of willpower (worn)
Wands
 e - a wand of digging (4)
 q - a wand of flame (31)
 r - a wand of acid (5)
 x - a wand of paralysis (10)
Scrolls
 b - 3 scrolls of identify
 d - a scroll of enchant armour
 g - a scroll of blinking
 i - 2 scrolls of enchant weapon
 v - 2 scrolls of teleportation
Potions
 f - 2 potions of berserk rage
 h - 2 potions of flight
 k - a potion of heal wounds
 l - 2 potions of curing
 m - a potion of mutation {unknown}
 n - a potion of ambrosia
 p - a potion of degeneration {unknown}
 s - a potion of cancellation {unknown}
 w - a potion of resistance {unknown}


   Skills:
 + Level 7.5 Fighting
 * Level 11.2 Maces & Flails
 - Level 2.4 Dodging


You had 9 spell levels left.
You didn't know any spells.
Your spell library was empty.

Dungeon Overview and Level Annotations

Branches:
Dungeon (9/15)             Temple (1/1) D:5             Orc (0/2) D:9
   Lair: D:8-11

Altars:
Cheibriados
Dithmenos
Elyvilon
Fedhas
Hepliaklqana
Kikubaaqudgha
Makhleb
Nemelex Xobeh
Okawaru
Qazlal
Ru
Sif Muna
Trog
Uskayaw
Vehumet
Wu Jian
Xom
Yredelemnul
Zin
The Shining One
Jiyva

Shops:
D:4 [   D:7 *

Annotations:
D:6 1 transporter
D:9 2 transporters


Innate Abilities, Weirdness & Mutations

You are too large for most types of armour.
You have claws for hands.
Your natural rate of healing is unusually fast.
You are covered in fur. (AC +1)
You have tough skin. (AC +1)


Message History

You open the door.
There is an open door here.
x - a wand of paralysis (10)
There is an open door here.
There is an open door here.
Found 6 poisoned darts.
A two-headed ogre comes into view.
It is wielding a +0 giant spiked club and a +0 giant club.
The two-headed ogre shouts in stereo!
The two-headed ogre hits you with a +0 giant spiked club!!
The two-headed ogre hits you with a +0 giant club!!
You sock the two-headed ogre! You freeze the two-headed ogre.
The two-headed ogre is moderately wounded.
The two-headed ogre hits you with a +0 giant spiked club!!
The two-headed ogre closely misses you.
You thump the two-headed ogre! You freeze the two-headed ogre.
The two-headed ogre is heavily wounded.
The two-headed ogre barely misses you.
The two-headed ogre hits you with a +0 giant club!!
* * * LOW HITPOINT WARNING * * *
You fail to use your ability.
You hit the two-headed ogre. You freeze the two-headed ogre.
The two-headed ogre is moderately wounded.
The two-headed ogre barely misses you.
The two-headed ogre hits you with a +0 giant club!!
You thump the two-headed ogre! You freeze the two-headed ogre.
The two-headed ogre is heavily wounded.
The two-headed ogre hits you with a +0 giant spiked club!
The two-headed ogre closely misses you.
You sock the two-headed ogre! You freeze the two-headed ogre.
The two-headed ogre is almost dead.
You hit the two-headed ogre but do no damage.
The two-headed ogre is almost dead.
The two-headed ogre barely misses you.
The two-headed ogre hits you with a +0 giant club!
You hit the two-headed ogre. You freeze the two-headed ogre.
The two-headed ogre is almost dead.
The two-headed ogre hits you with a +0 giant spiked club!!
* * * LOW HITPOINT WARNING * * *
The two-headed ogre hits you with a +0 giant club!!
You die...

#..........##
#.#.........
#.........#####
#.........#...######
#.........#.........
#.........#.........
#.........#...##....
#.O######.###'##....
#..@......#...##....
#.........#.........
#.........#.........
#.##......#...##....
#.##......#...##....
#.........#.........
#.........#.........
#.........#...##....
#......(..#...##....


You could see a two-headed ogre.

Vanquished Creatures
  A centaur warrior (D:8)
  A cyclops (D:9)
  Joseph (D:9)
  A wraith (D:9)
  2 water moccasins (D:7)
  3 sky beasts
  An ice beast (D:5)
  2 orc warriors
  A black bear (D:4)
  A necrophage (D:5)
  2 centaurs
  An ogre (D:5)
  5 bullfrogs
  A scorpion (D:5)
  A water moccasin zombie (D:6)
  5 wights (D:6)
  3 howler monkeys
  2 vampire bats (D:4)
  3 centaur zombies
  Crazy Yiuf (D:4)
  2 hounds
  2 bullfrog skeletons
  2 orc priests
  Jessica (D:3)
  3 iguanas
  2 orc wizards
  A howler monkey zombie (D:2)
  5 adders
  A white imp (D:7)
  An adder zombie (D:2)
  A worm (D:2)
  18 orcs
  3 bat skeletons
  4 bat zombies (D:4)
  4 endoplasms
  4 giant cockroaches
  8 goblins
  5 hobgoblins
  10 jackals
  10 kobolds
  2 quokkas (D:2)
  8 ball pythons
  6 bats
  4 frilled lizards
  11 rats
156 creatures vanquished.

Vanquished Creatures (others)
  An orc wizard (D:7)
  A fungus (D:4)
  11 plants (D:1)
  2 withered plants (D:2)
15 creatures vanquished.

Grand Total: 171 creatures vanquished

Notes
Turn   | Place    | Note
-------+----------+-------------------------------------------
     0 | D:1      | Spaninq the Troll Berserker began the quest for the Orb.
     0 | D:1      | Reached XP level 1. HP: 22/22 MP: 0/0
   140 | D:1      | Reached skill level 3 in Maces & Flails
   145 | D:1      | Reached XP level 2. HP: 29/29 MP: 1/1
   577 | D:1      | Reached XP level 3. HP: 36/36 MP: 2/2
   879 | D:2      | Reached ** piety under Trog
   884 | D:2      | You fall into a shaft and drop 2 floors!
  1143 | D:2      | Reached skill level 4 in Maces & Flails
  1143 | D:2      | Reached XP level 4. HP: 33/45 MP: 3/3
  1315 | D:2      | Upgraded the game from 0.27-a0-1590-g15f69828bf to
                  | 0.27-a0-1591-gc56fcc985a
  1709 | D:2      | Found a snail-covered altar of Cheibriados.
  1977 | D:3      | Found a faded altar of an unknown god.
  2079 | D:3      | Found a sacrificial altar of Ru.
  2079 | D:3      | Found an ornate altar of the Wu Jian Council.
  2079 | D:3      | Found a basalt altar of Yredelemnul.
  2084 | D:3      | Found a burning altar of Makhleb.
  2119 | D:3      | Reached XP level 5. HP: 53/53 MP: 4/4
  2198 | D:3      | Noticed Jessica
  2203 | D:3      | Killed Jessica
  2587 | D:4      | Found Neddein's Armour Shoppe.
  2595 | D:4      | Bought a +0 cloak for 49 gold pieces
  2658 | D:4      | Noticed a black bear
  2680 | D:4      | Killed a black bear
  2681 | D:4      | Reached skill level 5 in Maces & Flails
  2719 | D:4      | Reached XP level 6. HP: 53/62 MP: 5/5
  2764 | D:4      | Found a runed translucent door.
  2765 | D:4      | Noticed Crazy Yiuf
  2772 | D:4      | Killed Crazy Yiuf
  2776 | D:4      | Identified the +6 mace of Yjealoto {freeze, rN+ Int+2}
  2919 | D:4      | Reached *** piety under Trog
  3226 | D:4      | Found an ancient bone altar of Kikubaaqudgha.
  3366 | D:5      | Entered Level 5 of the Dungeon
  3377 | D:5      | Noticed a sky beast
  3379 | D:5      | Reached skill level 6 in Maces & Flails
  3413 | D:4      | Killed a sky beast
  3414 | D:4      | Reached XP level 7. HP: 28/71 MP: 6/6
  3646 | D:5      | Reached skill level 7 in Maces & Flails
  3697 | D:5      | Found a staircase to the Ecumenical Temple.
  3722 | D:5      | Reached skill level 5 in Fighting
  3982 | D:6      | Reached XP level 8. HP: 63/80 MP: 7/7
  4065 | D:6      | Found a blossoming altar of Fedhas.
  4216 | D:6      | Reached skill level 8 in Maces & Flails
  4343 | D:6      | Found a sparkling altar of Nemelex Xobeh.
  4343 | D:6      | Found a transporter.
  4343 | D:6      | Noticed a seven-headed hydra
  4460 | D:6      | Found a hazy altar of Hepliaklqana.
  4616 | Temple   | Entered the Ecumenical Temple
  4829 | D:7      | Found Lumaet's CLEARANCE SALE! EVERYTHING MUST GO!.
  4845 | D:7      | Bought a scroll of teleportation for 15 gold pieces
  4897 | D:7      | Identified a scroll of acquirement
  4897 | D:7      | Acquired a +2 hat of stealth
  5038 | D:7      | Found a bloodstained altar of Trog.
  5256 | D:7      | Reached skill level 9 in Maces & Flails
  5317 | D:7      | Reached XP level 9. HP: 83/89 MP: 8/8
  5321 | D:7      | Reached **** piety under Trog
  5886 | D:8      | Found a shimmering altar of Xom.
  5926 | D:8      | Noticed a centaur warrior
  5934 | D:8      | Killed a centaur warrior
  5935 | D:8      | Reached skill level 10 in Maces & Flails
  6286 | D:9      | Found a staircase to the Orcish Mines.
  6286 | D:9      | Found a transporter.
  6286 | D:9      | Found a transporter.
  6289 | D:9      | Found a viscous altar of Jiyva.
  6423 | D:9      | Noticed a cyclops
  6443 | D:9      | Noticed Joseph
  6453 | D:9      | Killed a cyclops
  6467 | D:9      | Killed Joseph
  6468 | D:9      | Reached skill level 11 in Maces & Flails
  6468 | D:9      | Reached XP level 10. HP: 61/102 MP: 9/9
  6737 | D:9      | Noticed a two-headed ogre
  6794 | D:9      | Mangled by a two-headed ogre

Illustrated notes

Levels and vault maps discovered:
D:1:      sevenhm_arrival_forest_fort_small_6, layout_basic, hex_tiny,
          minmay_tree_intersection, lexackson_kobold_supper
D:2:      minmay_inner_zag, layout_basic, serial_undead, serial_undead_d,
          serial_undead_d, serial_undead_f, serial_undead_a, serial_undead_f,
          serial_undead_f, serial_undead_e, basic_altar
D:3:      layout_loops_corners, chequers_temple_overflow_statue_of_worship,
          shapermc_ecumenical_altar_starsandcircs, kennysheep_generic_room_16,
          uniq_jessica
D:4:      layout_loops_corners, kennysheep_vampire_church, serial_shops, shop,
          uniq_crazy_yiuf_cottage
D:5:      layout_rooms, minmay_temple_entry_statues_pillars
D:6:      layout_rooms, mainiacjoe_overflow_concentric_impassable,
          grunt_nemelex_the_gamble, mainiacjoe_overflow_alcove_2,
          minmay_misc_feat_iff
D:7:      layout_gridville, lemuel_doored_altar, serial_glass, glass_columns_a,
          glass_columns_a, chequers_arboretum, grunt_ministairs_10,
          nicolae_shop_clearance
D:8:      layout_gridville, brannock_xom_greatest_gift
D:9:      gammafunk_jiyva_shrine, layout_stronghold, orc_0_dummy, uniq_joseph
Temple:   cyrus_temple_forest

Skill      XL: |  1  2  3  4  5  6  7  8  9 |
---------------+----------------------------+-----
Maces & Flails | 3 4 5 6 7 9 11 | 11.2
Fighting       | 3 4 5 6 7 |  7.5
Dodging        | |  2.4

Action                   |  1- 3 |  4- 6 |  7- 9 | 10-12 || total
-------------------------+-------+-------+-------+-------++-------
Melee: Mace              |   143 |   148 |   210 |    23 ||   524
       Flail             |       |    28 |       |       ||    28
  Use: Scroll            |       |       |    16 |       ||    16
 Stab: Sleeping          |     2 |     3 |     2 |       ||     7
Armor: Animal skin       |    52 |    91 |    67 |       ||   210
       Robe              |       |       |    22 |     1 ||    23
Dodge: Dodged            |    91 |   134 |    90 |    13 ||   328

Table legend: (Time is in decaauts)
 A = Elapsed time spent in this place.
 B = Non-inter-level travel time spent in this place.
 C = Inter-level travel time spent in this place.
 D = Time resting spent in this place.
 E = Time spent auto-exploring this place.
 F = Levels seen in this place.
 G = Mean time per level.
                   A        B        C        D        E       F      G
               +--------+--------+--------+--------+--------+-----+--------+
         Total |   6861 |   6569 |    292 |    176 |   4929 |  10 |  686.1 |
       Dungeon |   6773 |   6505 |    268 |    176 |   4867 |   9 |  752.6 |
        Temple |     87 |     63 |     24 |      0 |     62 |   1 |   87.0 |
               +--------+--------+--------+--------+--------+-----+--------+

Top non-repeatable levels by time:
     D:4: 1029 daAuts
     D:7: 900 daAuts
     D:3: 864 daAuts
     D:2: 817 daAuts
     D:1: 785 daAuts
     D:6: 691 daAuts
     D:8: 637 daAuts
     D:5: 537 daAuts
     D:9: 510 daAuts
  Temple: 87 daAuts
